 Dungeon Crawl Stone Soup version 0.30-a0-862-g1aabd4f9c5 (webtiles) character file.

Game seed: 1354376951842470234

3129 cforsyth the Thaumaturge (level 9, -1/45 HPs)
             Began as a Deep Elf Earth Elementalist on Mar 9, 2023.
             Slain by a two-headed ogre
             ... wielding a +0 giant spiked club
              (7 damage)
             ... on level 8 of the Dungeon.
             The game lasted 00:11:17 (7149 turns).

cforsyth the Thaumaturge (DEEE)                     Turns: 7149, Time: 00:11:17

Health: -1/45      AC:  9    Str:  5    XL:     9   Next: 61%
Magic:  25/27      EV:  6    Int: 25    God:
Gold:   532        SH:  0    Dex: 18    Spells: 24/33 levels left

rFire   . . .      SeeInvis .    (no weapon)
rCold   + . .      Faith    .    (no shield)
rNeg    . . .      Spirit   .    A - +1 scale mail of Nunanok {Contam rC+ Will+++ Dex+3}
rPois   .          Reflect  .    (no helmet)
rElec   .          Rampage  .    (no cloak)
rCorr   +                        (no gloves)
Will    +++..                    k - +1 pair of boots
Stlth   +                        (no amulet)
HPRegen 0.27/turn                s - ring of resist corrosion
MPRegen 0.20/turn                (no ring)

@: no status effects
A: no striking features
a: no special abilities


You were on level 8 of the Dungeon.
You visited 2 branches of the dungeon, and saw 9 of its levels.

You collected 614 gold pieces.
You spent 82 gold pieces at shops.

Inventory:

Armour
 a - a +0 robe
 k - a +1 pair of boots (worn)
 A - the +1 scale mail of Nunanok (worn) {Contam rC+ Will+++ Dex+3}
   (You found it on level 7 of the Dungeon)

   Dex:       It affects your dexterity (+3).
   rC:        It protects you from cold.
   Contam:    It causes magical contamination when unequipped.
   Will:      It greatly increases your willpower.
Jewellery
 s - a ring of resist corrosion (left hand)
Wands
 r - a wand of acid (9)
 y - a wand of iceblast (8)
 B - a wand of paralysis (11)
Scrolls
 d - 5 scrolls of teleportation {unknown}
 g - 3 scrolls of enchant weapon {unknown}
 h - 7 scrolls of identify {unknown}
 j - 3 scrolls of blinking {unknown}
 l - 3 scrolls of vulnerability {unknown}
 m - a scroll of noise {unknown}
 q - a scroll of magic mapping {unknown}
 t - a scroll of fog {unknown}
 x - 2 scrolls of enchant armour {unknown}
Potions
 b - 3 potions of magic
 c - 3 potions of mutation {unknown}
 e - 5 potions of curing {unknown}
 f - 2 potions of heal wounds {unknown}
 i - 3 potions of flight {unknown}
 n - 2 potions of ambrosia {unknown}
 o - a potion of attraction {unknown}
 p - 2 potions of brilliance {unknown}
 u - 2 potions of haste {unknown}
 v - a potion of cancellation {unknown}
 w - 2 potions of berserk rage {unknown}
 z - a potion of might {unknown}


   Skills:
 - Level 2.4 Dodging
 - Level 2.4 Stealth
 + Level 12.7 Spellcasting
 - Level 1.1 Transmutations
 + Level 11.0 Earth Magic


You had 24 spell levels left.
You knew the following spells:

 Your Spells              Type           Power      Damage    Failure   Level
a - Sandblast             Erth           100%       2d20      1%          1
b - Stone Arrow           Conj/Erth      86%        3d12      30%         3
c - Lee's Rapid Deconstr  Erth           31%        3d16*     28%         5

Your spell library contained the following spells:

 Spells                   Type           Power      Damage    Failure   Level
 Passwall                 Tmut/Erth      38%        N/A       12%         2
 Beastly Appendage        Tmut           42%        N/A       52%         1
 Petrify                  Tmut/Erth      46%        N/A       63%         4
 Magic Dart               Conj           60%        1d6       67%         1
 Necrotise                Necr           60%        1d7       67%         1
 Summon Small Mammal      Summ           60%        N/A       67%         1
 Wereblood                Tmut           21%        N/A       67%         2
 Call Imp                 Summ           15%        N/A       82%         2
 Spider Form              Tmut/Pois      18%        N/A       93%         3
 Call Canine Familiar     Summ           15%        N/A       96%         3
 Kindle Blastsparks       Fire/Tloc/Air  30%        2d12      96%         3
 Mephitic Cloud           Conj/Pois/Air  15%        N/A       96%         3
 Portal Projectile        Hex/Tloc       30%        N/A       96%         3
 Summon Guardian Golem    Hex/Summ       15%        N/A       96%         3
 Tukima's Dance           Hex            15%        N/A       96%         3
 Vampiric Draining        Necr           15%        2d7       96%         3
 Fulminant Prism          Conj/Hex       7%         3d7       100%        4
 Iskenderun's Mystic Bla  Conj/Tloc      15%        2d5       100%        4
 Agony                    Necr           15%        N/A       100%        5
 Blade Hands              Tmut           10%        N/A       100%        5
 Summon Forest            Summ/Tloc      7%         N/A       100%        5
 Eringya's Noxious Bog    Tmut/Pois      9%         N/A       100%        6
 Summon Hydra             Summ           7%         N/A       100%        7


Dungeon Overview and Level Annotations

Branches:
Dungeon (8/15)             Temple (1/1) D:4
   Lair: D:8-11

Altars:
Ashenzari
Cheibriados
Dithmenos
Elyvilon
Fedhas
Gozag
Hepliaklqana
Makhleb
Okawaru
Qazlal
Trog
Uskayaw
Wu Jian
Xom
Yredelemnul
Zin

Shops:
D:1 *   D:4 *   D:5 [(((

Annotations:
D:6 Dowan
D:8 Pikel


Message History

You start resting.
Magic restored.
There is an open door here.
You open the door.
There is an open door here.
There is a stone staircase leading down here.
You climb downwards.
Level annotation: Pikel
There is a stone staircase leading up here.
Found a stone staircase leading down.
A two-headed ogre comes into view.
It is wielding a +0 giant spiked club and a +0 giant club.
The two-headed ogre shouts in stereo!
A two-headed ogre is nearby!
A two-headed ogre is nearby!
The blast of sand hits the two-headed ogre!
The two-headed ogre is moderately wounded.
The two-headed ogre hits you with a +0 giant spiked club!
The two-headed ogre hits you with a +0 giant club!
* * * LOW HITPOINT WARNING * * *
You are too injured to fight recklessly!
You are too injured to fight recklessly!
You are too injured to fight recklessly!
Casting: Sandblast (safe; 1% risk of failure)
Confirm with . or Enter, or press ? or * to list all spells.
Aiming: Sandblast (safe; 1% risk of failure)
Press: ? - help, Shift-Dir - straight line, f/p - two-headed ogre
Aim: a two-headed ogre, wielding a +0 giant spiked club and a +0 giant club (moderately wounded, 93% to hit)
The blast of sand hits the two-headed ogre!!
The two-headed ogre is almost dead.
The two-headed ogre hits you with a +0 giant spiked club.
* * * LOW HITPOINT WARNING * * *
The two-headed ogre completely misses you.
Unknown command.
Casting: Sandblast (safe; 1% risk of failure)
Confirm with . or Enter, or press ? or * to list all spells.
Aiming: Sandblast (safe; 1% risk of failure)
Press: ? - help, Shift-Dir - straight line, f/p - two-headed ogre
Aim: a two-headed ogre, wielding a +0 giant spiked club and a +0 giant club (almost dead, 93% to hit)
The blast of sand misses the two-headed ogre.
The two-headed ogre hits you with a +0 giant spiked club!
You die...

#..#... ..
#..#...#.#
#.........
.........
#........
#.......######.
#.......O...... .
#@######.#
#.#....##.........
#.#....###...###.#
......###...###.#
................
#...##....###.#
#...##....###.
#.##.#.#........>.
#............####.


You could see a two-headed ogre.

Vanquished Creatures
  An unseen horror (D:7)
  Sigmund (D:3)
  A wyvern (D:8)
  2 water moccasins
  Duvessa (D:6)
  3 ice beasts
  A black bear (D:6)
  An orc warrior (D:7)
  A sky beast (D:6)
  4 ogres
  3 lemures (D:8)
  A bullfrog (D:6)
  4 scorpions
  3 wights (D:7)
  A howler monkey (D:4)
  A jelly (D:7)
  3 hounds
  5 orc priests
  A gnoll bouda (D:6)
  3 iguanas
  5 orc wizards
  4 sleepcaps
  6 gnolls
  9 adders
  2 white imps
  A worm (D:2)
  3 dart slugs (D:4)
  17 orcs
  6 endoplasms
  10 giant cockroaches
  4 goblins
  4 hobgoblins
  4 jackals (D:1)
  6 kobolds
  5 quokkas
  9 ball pythons
  4 bats
  6 frilled lizards
  3 rats
149 creatures vanquished.

Vanquished Creatures (others)
  An octopode (D:1)
  A gargoyle (D:1)
  A troll (D:1)
  2 merfolk (D:1)
  A vampire (D:1)
  A spriggan (D:1)
  A demigod (D:1)
  2 dwarves (D:1)
  An ogre (D:1)
  A mummy (D:1)
  4 tentacles (D:1)
16 creatures vanquished.

Grand Total: 165 creatures vanquished

Notes
Turn   | Place    | Note
-------+----------+-------------------------------------------
     0 | D:1      | cforsyth the Deep Elf Earth Elementalist began the quest
                  | for the Orb.
     0 | D:1      | Reached XP level 1. HP: 10/10 MP: 6/6
     0 | D:1      | Noticed a merfolk
     0 | D:1      | Noticed a dwarf
     0 | D:1      | Noticed a troll
     0 | D:1      | Noticed a spriggan
     0 | D:1      | Noticed a dwarf
     0 | D:1      | Noticed a merfolk
     0 | D:1      | Noticed a kraken
     0 | D:1      | Noticed an octopode
     0 | D:1      | Noticed a vampire
     0 | D:1      | Noticed an ogre
     0 | D:1      | Noticed a demigod
     0 | D:1      | Noticed a gargoyle
     3 | D:1      | Killed an octopode
     5 | D:1      | Killed a gargoyle
     5 | D:1      | Killed a dwarf
     7 | D:1      | Killed a merfolk
     8 | D:1      | Killed a dwarf
     8 | D:1      | Killed a troll
     9 | D:1      | Killed a spriggan
     9 | D:1      | Killed a demigod
    10 | D:1      | Killed a vampire
    10 | D:1      | Killed an ogre
    13 | D:1      | Killed a merfolk
   192 | D:1      | Found Afinoheu's General Store.
   278 | D:1      | Reached XP level 2. HP: 15/15 MP: 3/8
   883 | D:2      | Reached skill level 4 in Spellcasting
  1044 | D:2      | Reached XP level 3. HP: 19/19 MP: 8/10
  1883 | D:3      | Found a burning altar of Makhleb.
  2029 | D:3      | Noticed Sigmund
  2037 | D:3      | Killed Sigmund
  2038 | D:3      | Reached skill level 5 in Spellcasting
  2038 | D:3      | Reached skill level 5 in Earth Magic
  2038 | D:3      | Reached XP level 4. HP: 20/24 MP: 9/13
  2038 | D:3      | Reached XP level 5. HP: 24/28 MP: 10/15
  2207 | D:3      | Reached skill level 6 in Spellcasting
  2449 | D:4      | Identified the +5 spear of Theory {venom, Int+6}
  2490 | D:4      | Reached XP level 6. HP: 32/32 MP: 15/17
  2754 | D:4      | Reached skill level 7 in Spellcasting
  2787 | D:4      | Found Inleidd's Assorted Antiques.
  2795 | D:4      | Bought a fuming green potion for 19 gold pieces
  2795 | D:4      | Bought a pink potion for 19 gold pieces
  2795 | D:4      | Bought a scroll labelled COSAOL YSUWU for 22 gold pieces
  2795 | D:4      | Bought a scroll labelled ORGHUA PIUM for 22 gold pieces
  2861 | D:4      | Found a staircase to the Ecumenical Temple.
  2906 | Temple   | Entered the Ecumenical Temple
  2955 | D:4      | Reached XP level 7. HP: 36/36 MP: 17/19
  3072 | D:4      | Found a bloodstained altar of Trog.
  3279 | D:5      | Entered Level 5 of the Dungeon
  3386 | D:5      | Found Piefigui's Antique Armour Emporium.
  3496 | D:5      | Found Jiec's Weapon Shoppe.
  3512 | D:5      | Reached skill level 8 in Spellcasting
  3566 | D:5      | Found Zoyvegap's Weapon Emporium.
  3575 | D:5      | Found Nefup's Weapon Shop.
  3627 | D:5      | Found an iron altar of Okawaru.
  3711 | D:5      | Reached skill level 9 in Spellcasting
  3778 | D:5      | Reached XP level 8. HP: 41/41 MP: 19/23
  3874 | D:5      | Found a glowing silver altar of Zin.
  3874 | D:5      | Found an ornate altar of the Wu Jian Council.
  3882 | D:5      | Found a blossoming altar of Fedhas.
  3884 | D:5      | Found a snail-covered altar of Cheibriados.
  3886 | D:5      | Found a stormy altar of Qazlal.
  4083 | D:5      | Found a basalt altar of Yredelemnul.
  4596 | D:6      | Reached skill level 10 in Spellcasting
  4716 | D:6      | Found an opulent altar of Gozag.
  5098 | D:6      | Noticed Duvessa
  5098 | D:6      | Noticed Dowan
  5141 | D:6      | Killed Duvessa
  5142 | D:6      | Reached skill level 11 in Spellcasting
  5727 | D:6      | Reached XP level 9. HP: 45/45 MP: 23/26
  5902 | D:7      | Identified the +1 scale mail of Nunanok {Contam rC+ Will+++
                  | Dex+3}
  5922 | D:7      | Learned a level 3 spell: Stone Arrow
  5977 | D:7      | Learned a level 5 spell: Lee's Rapid Deconstruction
  6011 | D:7      | Reached skill level 10 in Earth Magic
  6270 | D:7      | Reached skill level 12 in Spellcasting
  6358 | D:7      | Killed an unseen horror
  7056 | D:8      | Noticed Pikel
  7146 | D:8      | Noticed a two-headed ogre
  7149 | D:8      | Slain by a two-headed ogre

Illustrated notes

Levels and vault maps discovered:
D:1:      nicolae_arrival_kraken_aquarium_a, layout_loops_ring, serial_shops,
          nicolae_shop_stone
D:2:      layout_loops_ring, wander_ebering_terrifying_dragon_lair
D:3:      minmay_roachtagon, layout_loops_ring, bloody_makhleb, uniq_sigmund
D:4:      layout_loops_ring, trog_book, minmay_temple_entry_glassed_door,
          serial_shops, shop_fountains, minmay_fractal_squares_5
D:5:      layout_loops_corners, okawaru_metal_pillars_3, kennysheep_little_box,
          chequers_temple_overflow_minitemple, serial_shops,
          nicolae_square_shop, shop_coins, shop, nicolae_shop_behind_doors,
          serial_bayou_crossing
D:6:      layout_basic, nicolae_gozag_seed_capital, minmay_checkerbox,
          uniq_duvessa
D:7:      layout_basic, nicolae_elevator_lobby_plus
D:8:      minmay_the_grid_triangle_9x9_recursive_2
          [minmay_the_grid_triangle_9x9_prize_schism,
          minmay_the_grid_triangle_9x9_corrupted_corridor,
          minmay_the_grid_triangle_9x9_dagger,
          minmay_the_grid_triangle_9x9_stretched_checkered], layout_basic,
          minmay_liquid_box, kennysheep_doodads, uniq_pikel
Temple:   hellmonk_temple_micro_hex

Skill      XL: |  1  2  3  4  5  6  7  8  9 |
---------------+----------------------------+-----
Spellcasting   | 4 5 6 7 9 11 12 | 12.7
Earth Magic    | 4 5 6 7 9 11 | 11.0
Dodging        | |  2.4
Stealth        | |  2.4
Transmutations | |  1.1

Action                     |  1- 3 |  4- 6 |  7- 9 || total
---------------------------+-------+-------+-------++-------
  Melee: Unarmed           |       |       |     2 ||     2
   Cast: Sandblast         |    52 |    48 |   142 ||   242
 Armour: Robe              |     2 |     9 |    10 ||    21
         Scale mail        |       |       |    15 ||    15
  Dodge: Dodged            |    10 |    29 |    35 ||    74

Table legend: (Time is in decaauts)
 A = Elapsed time spent in this place.
 B = Non-inter-level travel time spent in this place.
 C = Inter-level travel time spent in this place.
 D = Time resting spent in this place.
 E = Time spent auto-exploring this place.
 F = Levels seen in this place.
 G = Mean time per level.
                   A        B        C        D        E       F      G
               +--------+--------+--------+--------+--------+-----+--------+
         Total |   7277 |   7049 |    228 |    418 |   5735 |   9 |  808.6 |
       Dungeon |   7275 |   7049 |    226 |    418 |   5735 |   8 |  909.4 |
        Temple |      1 |      0 |      1 |      0 |      0 |   1 |    1.0 |
               +--------+--------+--------+--------+--------+-----+--------+

Top non-repeatable levels by time:
     D:6: 1389 daAuts
     D:5: 1264 daAuts
     D:7: 1107 daAuts
     D:4: 921 daAuts
     D:1: 837 daAuts
     D:2: 823 daAuts
     D:3: 747 daAuts
     D:8: 185 daAuts
  Temple: 1 daAuts
